 Dungeon Crawl Stone Soup version 0.24-a0-584-g9d6b971ae4 (webtiles) character file.

Game seed: 1105359241939300885, levelgen mode: deterministic

28 Mithandil the Skirmisher (level 2, 22/24 HPs)
             Began as a Demonspawn Abyssal Knight on Sept 6, 2019.
             Was a Follower of Lugonu.
             Quit the game on level 1 of the Dungeon.
             The game lasted 00:02:49 (397 turns).

Mithandil the Skirmisher (Demonspawn Abyssal Knight) Turns: 397, Time: 00:02:50

Health: 22/24      AC:  5    Str: 12    XL:     2   Next: 96%
Magic:  4/4        EV:  8    Int: 13    God:    Lugonu [*.....]
Gold:   25         SH:  0    Dex: 12    Spells: 1/1 levels left

rFire    . . .     SeeInvis .   a - +1 falchion
rCold    . . .     Gourm    .   (no shield)
rNeg     . . .     Faith    .   f - +0 ring mail
rPois    .         Spirit   .   (no helmet)
rElec    .         Reflect  .   (no cloak)
rCorr    .         Harm     .   (no gloves)
MR       .....                  (no boots)
Stlth    +.........             i - amulet of the acrobat
HPRegen  0.08/turn              d - -2 ring of evasion (curse)
MPRegen  0.09/turn              (no ring)

@: no status effects
A: hooves 1
a: Depart the Abyss, Renounce Religion


You were on level 1 of the Dungeon.
You worshipped Lugonu.
Lugonu was aware of your devotion.
You were not hungry.

You visited 1 branch of the dungeon, and saw 2 of its levels.
You visited the Abyss 1 time.

You collected 25 gold pieces.

Inventory:

Hand Weapons
 a - a +1 falchion (weapon)
Missiles
 g - 31 stones (quivered)
 j - 26 sling bullets
Armour
 b - a +0 leather armour
 f - a +0 ring mail (worn)
Jewellery
 d - a cursed -2 ring of evasion (left hand)
 i - an amulet of the acrobat (around neck)
Scrolls
 e - a scroll of identify {unknown}
Comestibles
 c - 2 rations
 h - 5 chunks of flesh


   Skills:
 * Level 3.2 Fighting
 * Level 2.1 Long Blades
 + Level 2.0 Armour
 + Level 1.1 Dodging
 + Level 0.5 Stealth
 + Level 0.5 Unarmed Combat
 + Level 2.8 Invocations


You had one spell level left.
You didn't know any spells.
Your spell library was empty.

Dungeon Overview and Level Annotations

Branches:
Dungeon (2/15)

Altars:


Innate Abilities, Weirdness & Mutations

You have large cloven feet.


Message History

You kill the goblin!
Lugonu accepts your kill.
The hobgoblin hits you but does no damage.
You hit the hobgoblin. Your kick misses the hobgoblin.
The hobgoblin is heavily wounded.
The hobgoblin hits you but does no damage.
The hobgoblin barely misses you.
You riposte.
You closely miss the hobgoblin.
The hobgoblin is heavily wounded.
You barely miss the hobgoblin.
The hobgoblin is heavily wounded.
The hobgoblin hits you but does no damage.
You closely miss the hobgoblin.
The hobgoblin is heavily wounded.
The hobgoblin closely misses you.
You riposte.
You hit the hobgoblin.
You kill the hobgoblin!
Lugonu accepts your kill.
g - 31 stones (gained 15)
Things that are here:
a +0 club; a hobgoblin corpse Are you sure you want to abandon this character and quit the game? (Confirm with "yes".)

#.# #..#
#...#.######..#
#...#.#.......#
.?.#.#.#####.## #
#..#.#........#
#.#..#.#..#######
...#.#..#
###.##.#.#..#
.#....@)>#..#
#...##.#.#..### #.#
...#.#....#
#######.#########.#.#
..................#.#
#########
#.÷)........#.#
.........
#.........#.#.#
§§.......
#.#######.#.#.#
§§≈≈≈.... #.# #.#.#.#


There were no monsters in sight!

Vanquished Creatures
  2 oozes (D:1)
  2 giant cockroaches (D:1)
  3 goblins (D:1)
  2 hobgoblins (D:1)
  2 jackals (D:1)
  3 kobolds (D:1)
  2 bats (D:1)
  2 rats (D:1)
18 creatures vanquished.

Notes
Turn   | Place    | Note
-------+----------+-------------------------------------------
     0 | Abyss:1  | Mithandil the Demonspawn Abyssal Knight began the quest for
                  | the Orb.
     0 | Abyss:1  | Reached XP level 1. HP: 18/18 MP: 2/2
    30 | Abyss:1  | Noticed an iron imp
    39 | D:1      | Escaped the Abyss
   120 | D:1      | Reached skill level 1 in Dodging
   120 | D:1      | Gained mutation: You have large cloven feet. [demonic
                  | ancestry]
   120 | D:1      | Reached XP level 2. HP: 24/24 MP: 3/3
   384 | D:1      | Reached * piety under Lugonu
   397 | D:1      | Quit the game

Levels and vault maps discovered:
D:1:      erik_arrival_gehennom, layout_basic, minmay_tripent
D:2:      layout_rooms, uniq_terence

Skill      XL: |  1  2 |
---------------+-------+-----
Dodging        | 1 |  1.1
Long Blades    | 2 |  2.1
Armour         | 2 |  2.0
Fighting       | |  3.2
Stealth        | |  0.5
Unarmed Combat | |  0.5
Invocations    | |  2.8

Action                   || total
-------------------------++-------
Melee: Falchion          ||    52
       Kick              ||     6
Invok: Depart the Abyss  ||     1
  Use: Potion            ||     2
Armor: Ring mail         ||    18
Dodge: Dodged            ||    30
       Rpst.: Falchion   ||     9

Table legend:
 A = Non-vault XP
 B = Vault XP
 C = Vault XP percentage of total XP
 D = Non-vault monster count
 E = Vault monster count
 F = Vault count percentage of total count
                 A         B        C        D         E       F
            +---------+---------+-------+---------+---------+-------
      Total |      16 |      24 |  60.0 |      11 |       7 |  38.9
            +---------+---------+-------+---------+---------+-------
        D:1 |      16 |      24 |  60.0 |      11 |       7 |  38.9
            +---------+---------+-------+---------+---------+-------
